 Dungeon Crawl Stone Soup version 0.19.0 (webtiles) character file.

14157 jimeh the Stickfighter (level 11, -2/92 HPs)
             Began as a Minotaur Gladiator on Nov 7, 2016.
             Was a Follower of Uskayaw.
             Slain by an orc warrior
             ... wielding a +0 dire flail
             ... led by an orc knight
              (13 damage)
             ... on level 2 of the Orcish Mines.
             The game lasted 00:26:30 (10741 turns).

jimeh the Stickfighter (Minotaur Gladiator)        Turns: 10741, Time: 00:26:30

Health: -2/92      AC: 19    Str: 20    XL:     11   Next: 85%
Magic:  19/20      EV: 11    Int:  5    God:    Uskayaw [*.....]
Gold:   702        SH:  0    Dex: 18    Spells: 0 memorised, 10 levels left

rFire  + . .     SeeInvis .     a - +4 quarterstaff
rCold  x . .     Gourm    .     q - +3 chain mail
rNeg   . . .     Faith    .     (shield currently unavailable)
rPois  .         Spirit   .     m - +2 hat
rElec  .         Reflect  .     H - +0 cloak
rCorr  .         Harm     +     b - +0 pair of gloves
MR     .....                    (no boots)
Stlth  ..........               D - amulet of harm
                                C - ring of fire
                                s - +4 ring of dexterity

@: no status effects
A: retaliatory headbutt, horns 2, blurry vision 1, high mp 1, shaggy fur 1
a: Stomp, Renounce Religion


You were on level 2 of the Orcish Mines.
You worshipped Uskayaw.
Uskayaw was aware of your devotion.
You were very full.

You visited 3 branches of the dungeon, and saw 14 of its levels.
You also visited: Sewer.

You collected 951 gold pieces.
You spent 249 gold pieces at shops.

Inventory:

Hand Weapons
 a - a +4 quarterstaff (weapon)
Missiles
 d - 3 throwing nets (quivered)
Armour
 b - a +0 pair of gloves (worn)
 m - a +2 hat (worn)
 q - a +3 chain mail (worn)
 H - a +0 cloak (worn)
Jewellery
 e - a +1 ring of protection
 k - an uncursed amulet of rage
 s - a +4 ring of dexterity (left hand)
 C - a ring of fire (right hand)
 D - an amulet of harm (around neck)
Wands
 F - a wand of random effects (15/48)
Scrolls
 g - 2 scrolls of teleportation
 i - 2 scrolls of magic mapping
 j - 3 scrolls of blinking
 n - 4 scrolls of remove curse
 p - 4 scrolls of enchant armour
 w - a scroll of amnesia
 y - 2 scrolls of identify
 E - a scroll of enchant weapon
 G - a scroll of fog
Potions
 c - 2 potions of cancellation {unknown}
 h - 3 potions of berserk rage
 l - 4 potions of flight
 r - 2 potions of heal wounds
 t - 3 potions of curing
 u - 2 potions of agility
 v - 2 potions of lignification
 x - a potion of invisibility
 z - 2 potions of haste
 B - 2 potions of cure mutation {unknown}
Comestibles
 f - 6 bread rations
 o - 4 meat rations
 A - 4 slices of pizza
 I - 7 chunks of flesh


   Skills:
 + Level 7.3 Fighting
 - Level 15.0 Staves
 - Level 2.0 Throwing
 + Level 7.4 Armour
 + Level 5.0 Dodging
 - Level 11.0 Invocations


You had 10 spell levels left.
You didn't know any spells.

Dungeon Overview and Level Annotations

Branches:
Dungeon (11/15)            Temple (1/1) D:4             Orc (2/2) D:10
   Lair: D:8-11         Elf: Orc:2

Altars:
Ashenzari
Cheibriados
Dithmenos
Elyvilon
Fedhas
Gozag
Hepliaklqana
Kikubaaqudgha
Makhleb
Nemelex Xobeh
Okawaru
Ru
Sif Muna
Trog
Uskayaw
Xom
Zin
The Shining One

Shops:
D:4 !=%%(   D:6 :!:*   Orc:2 =


Innate Abilities, Weirdness & Mutations

You reflexively headbutt those who attack you in melee.
You have a pair of horns on your head.
Scrolls take you a little longer to read.
You have an increased reservoir of magic. (+10% MP)
You are covered in fur. (AC +1)


Message History

* * * LOW HITPOINT WARNING * * *
You thump the orc warrior!
The orc warrior is severely wounded.
The orc warrior no longer looks unusually strong.
The orc warrior closely misses you. You furiously retaliate!
You headbutt the orc warrior.
The orc warrior hits you from afar with a glaive!
* * * LOW HITPOINT WARNING * * *
The orc warrior hits you but does no damage.
The orc warrior no longer looks unusually strong.
The orc no longer looks unusually strong.
The orc warrior hits the fungus with a trident!
The orc warrior no longer looks unusually strong.
The orc warrior no longer looks unusually strong.
You can no longer pass through a line of other dancers.
An orc warrior comes into view. It is wielding a flail.
The orc warrior shouts!
There is an escape hatch in the ceiling here.
The orc warrior hits you with a dire flail!
You die...

# ##.... ## ##......... .#
.........##### . .#
#..........#.## .. ##
#####.............# ...
o####...##............#....
..P#.....##.....o..........
)..##......#.#.............
8P)..oo.....#.oo@..).......
..P....##...o....#.........
..P...##......#####...##.##
.....###.......# ....# #
.P..## ##.#...## #....#
.P.## ####.## .....# ...#
### #.#### ....# ### ...##


You could see 4 orc warriors.

Vanquished Creatures
  An orc high priest (Orc:2)
  An unseen horror (D:10)
  An orc knight (Orc:1)
  2 orc sorcerers
  A gargoyle (D:10)
  A centaur skeleton (D:10)
  A troll (D:10)
  A two-headed ogre (Orc:2)
  A hornet (D:7)
  3 hippogriffs
  11 yaks
  A human (D:7)
  4 hungry ghosts
  4 hogs (D:7)
  5 wargs
  4 sky beasts
  A black bear (D:7)
  11 orc warriors
  11 ogres
  2 phantoms
  5 centaurs
  3 big kobolds
  2 crocodiles
  2 bullfrogs
  A wyvern zombie (D:9)
  A gnoll sergeant (D:10)
  A water moccasin skeleton (D:4)
  7 killer bees (D:8)
  12 wights
  An electric eel (D:10)
  4 crimson imps
  6 howler monkeys
  2 bullfrog zombies
  4 jellies
  5 hounds
  12 orc wizards
  2 gnoll shamans (D:10)
  6 orc priests
  2 bullfrog skeletons
  Terence (D:2)
  Natasha (twice) (D:3)
  11 worker ants
  2 killer bee zombies
  3 hound skeletons
  16 gnolls
  3 worker ant zombies
  A howler monkey skeleton (D:4)
  11 adders
  2 shadow imps
  9 oozes
  An adder zombie (D:7)
  An adder skeleton (D:5)
  9 worms
  2 dart slugs
  11 leopard geckos
  38 orcs
  3 ball pythons
  A giant cockroach (D:6)
  6 goblins
  8 hobgoblins
  4 jackals (Sewer)
  7 quokkas
  14 bats
  5 frilled lizards
  17 kobolds
  2 leopard gecko skeletons
  8 rats
  2 fungi (D:10)
  A plant (D:10)
346 creatures vanquished.

Vanquished Creatures (others)
  8 fungi
  8 plants (D:10)
16 creatures vanquished.

Grand Total: 362 creatures vanquished

Notes
Turn   | Place    | Note
-------+----------+-------------------------------------------
     0 | D:1      | jimeh the Minotaur Gladiator began the quest for the Orb.
     0 | D:1      | Reached XP level 1. HP: 18/18 MP: 0/0
   110 | D:1      | Reached XP level 2. HP: 24/25 MP: 1/1
   154 | D:1      | Reached skill level 4 in Staves
   416 | D:1      | Reached XP level 3. HP: 20/30 MP: 2/2
   602 | D:2      | Found a faded altar of an unknown god.
   629 | D:2      | Noticed Terence
   639 | D:2      | Killed Terence
   639 | D:2      | Reached skill level 1 in Armour
   639 | D:2      | Reached XP level 4. HP: 8/37 MP: 3/3
   877 | D:2      | Found a sacrificial altar of Ru.
   883 | D:2      | Reached skill level 5 in Staves
   969 | D:2      | Reached XP level 5. HP: 30/45 MP: 4/4
  1181 | D:2      | Found a white marble altar of Elyvilon.
  1427 | D:3      | Found a glowing drain.
  1431 | Sewer    | Entered a sewer
  1583 | Sewer    | Reached skill level 6 in Staves
  1779 | Sewer    | Reached XP level 6. HP: 31/52 MP: 5/5
  2063 | D:3      | Noticed Natasha
  2071 | D:3      | Killed Natasha
  2202 | D:3      | Noticed Natasha
  2205 | D:3      | Killed Natasha
  2405 | D:4      | Reached skill level 7 in Staves
  2458 | D:4      | Found a staircase to the Ecumenical Temple.
  2473 | Temple   | Entered the Ecumenical Temple
  2660 | Temple   | Became a worshipper of Uskayaw the Reveler
  2700 | D:4      | Reached * piety under Uskayaw
  2719 | D:4      | Found Riehirphu's Food Boutique.
  2875 | D:4      | Found Wadadd's Weapon Shoppe.
  2925 | D:4      | Reached XP level 7. HP: 55/59 MP: 6/6
  2925 | D:4      | Reached ** piety under Uskayaw
  2928 | D:4      | Reached *** piety under Uskayaw
  3066 | D:4      | Found Suill's Distillery.
  3074 | D:4      | Bought a potion of heal wounds for 60 gold pieces
  3074 | D:4      | Bought 2 potions of curing for 72 gold pieces
  3108 | D:4      | Reached skill level 8 in Staves
  3135 | D:4      | Found Ynuobloss's Jewellery Shoppe.
  3193 | D:4      | Found Vatt's Food Emporium.
  3231 | D:4      | Found a hazy altar of Hepliaklqana.
  3233 | D:5      | Entered Level 5 of the Dungeon
  3388 | D:5      | Reached skill level 5 in Fighting
  3389 | D:5      | Reached **** piety under Uskayaw
  3549 | D:5      | Reached XP level 8. HP: 58/68 MP: 7/7
  3573 | D:5      | Reached skill level 9 in Staves
  3841 | D:5      | Gained mutation: Scrolls take you a little longer to read. [mutagenic meat]
  3842 | D:5      | Gained mutation: You tend to lose your temper in combat. [mutagenic meat]
  3843 | D:5      | Gained mutation: You are covered in fur. (AC +1) [mutagenic meat]
  3844 | D:5      | Lost mutation: You tend to lose your temper in combat. [mutagenic meat]
  4470 | D:6      | Found Vapuiske's Book Shop.
  4486 | D:6      | Found Baercho's Distillery.
  4491 | D:6      | Bought a potion of berserk rage for 65 gold pieces
  4491 | D:6      | Bought a potion of agility for 52 gold pieces
  4542 | D:6      | Reached skill level 10 in Staves
  4542 | D:6      | Reached skill level 5 in Armour
  4572 | D:6      | Reached ***** piety under Uskayaw
  4913 | D:6      | Found Fuhaditu's Assorted Antiques.
  4931 | D:6      | Found Josecozi's Food Shoppe.
  4959 | D:6      | Reached skill level 11 in Staves
  4959 | D:6      | Reached XP level 9. HP: 56/78 MP: 8/8
  4994 | D:6      | Found Seraugunk's Book Shop.
  5004 | D:6      | Lost mutation: Scrolls take you a little longer to read. [mutagenic meat]
  5005 | D:6      | Gained mutation: You have an increased reservoir of magic. (+10% MP) [mutagenic meat]
  5006 | D:6      | Gained mutation: Scrolls take you a little longer to read. [mutagenic meat]
  5495 | D:6      | Reached skill level 12 in Staves
  6018 | D:7      | Reached skill level 13 in Staves
  6503 | D:7      | Reached skill level 14 in Staves
  6634 | D:7      | Reached XP level 10. HP: 59/84 MP: 10/10
  6965 | D:8      | Reached skill level 15 in Staves
  7040 | D:8      | Reached skill level 1 in Invocations
  7354 | D:8      | Found a shadowy altar of Dithmenos.
  7662 | D:9      | Reached skill level 5 in Invocations
  8307 | D:10     | Entered Level 10 of the Dungeon
  8307 | D:10     | Noticed a gargoyle
  8311 | D:10     | Killed a gargoyle
  8335 | D:10     | Reached ****** piety under Uskayaw
  8351 | D:10     | Reached XP level 11. HP: 76/91 MP: 7/17
  8481 | D:10     | Killed an unseen horror
  8729 | D:10     | Found a staircase to the Orcish Mines.
  9734 | D:10     | Reached skill level 10 in Invocations
  9970 | Orc:1    | Entered Level 1 of the Orcish Mines
  9981 | Orc:1    | Noticed an orc sorcerer
  9987 | Orc:1    | Killed an orc sorcerer
 10374 | Orc:2    | Entered Level 2 of the Orcish Mines
 10374 | Orc:2    | Found Yrupros's Jewellery Boutique.
 10374 | Orc:2    | Noticed an orc high priest
 10375 | Orc:2    | Noticed an orc sorcerer
 10383 | Orc:2    | Noticed a sun demon
 10384 | Orc:2    | Noticed a sixfirhy
 10470 | Orc:1    | Noticed an orc knight
 10616 | Orc:1    | Killed an orc knight
 10664 | Orc:2    | Killed an orc sorcerer
 10696 | Orc:2    | Killed an orc high priest
 10696 | Orc:2    | Reached skill level 5 in Dodging
 10711 | Orc:2    | Noticed an orc knight
 10741 | Orc:2    | Slain by an orc warrior

Skill      XL: |  1  2  3  4  5  6  7  8  9 10 11 |
---------------+----------------------------------+-----
Staves         | 4 5 6 7 8 11 14 15 | 15.0
Dodging        | 4 5 |  5.0
Armour         | 1 2 3 4 6 7 |  7.4
Fighting       | 3 4 5 6 7 |  7.3
Invocations    | 7 11 | 11.0
Throwing       | |  2.0

Action                   |  1- 3 |  4- 6 |  7- 9 | 10-12 || total
-------------------------+-------+-------+-------+-------++-------
Melee: Quarterstaff      |    73 |   190 |   276 |   400 ||   939
       Headbutt          |    11 |    38 |    80 |    86 ||   215
Invok: Stomp             |       |       |       |     3 ||     3
       Grand Finale      |       |       |       |     2 ||     2
  Use: Scroll            |       |    16 |     7 |     1 ||    24
       Potion            |       |     1 |       |       ||     1
 Stab: Paralysed         |       |     1 |    14 |    33 ||    48
  Eat: Chunk             |       |     7 |    17 |    12 ||    36
       Fruit             |       |       |     3 |       ||     3
       Beef jerky        |       |       |       |     3 ||     3
       Pizza             |       |       |       |     4 ||     4
       Bread ration      |       |       |       |     1 ||     1
Armor: Leather armour    |    17 |       |       |       ||    17
       Chain mail        |       |   113 |   126 |   146 ||   385
Dodge: Dodged            |    42 |   102 |    92 |   124 ||   360
